 Dungeon Crawl Stone Soup version 0.17-a0-1447-g3d113ad (webtiles) character file.

94816 Misa the Unseen (level 15, 25/81 HPs)
             Began as a Spriggan Enchanter on June 25, 2015.
             Was the Champion of Ashenzari.
             Quit the game on level 2 of the Elven Halls on June 29, 2015.
             The game lasted 02:37:38 (30504 turns).

Misa the Unseen (Spriggan Enchanter)               Turns: 30504, Time: 02:37:38

Health: 25/81      AC:  7    Str:  4    XL:     15   Next: 64%
Magic:  43/44      EV: 21    Int: 23    God:    Ashenzari [******]
Gold:   1303       SH:  7    Dex: 17    Spells: 5 memorised, 34 levels left

rFire  . . .     SeeInvis +     Z - +9 quick blade (flame) (curse)
rCold  . . .     Clarity  +     b - +1 robe (curse)
rNeg   + . .     SustAt   .     Q - +2 buckler of Resilience {rCorr} (curse)
rPois  +         Gourm    .     I - +1 hat {SInv} (curse)
rElec  .         Spirit   .     j - +2 cloak {MR+} (curse)
rCorr  +         Warding  +     (gloves unavailable)
rMut   .         Stasis   .     (boots unavailable)
MR     +++..                    r - amulet of warding
Stlth  +++++++++.               N - ring of magical power
                                S - ring of poison resistance

@: very quick, extremely resistant to hostile enchantments, incredibly stealthy
A: unfitting armour, see invisible, herbivore 3, speed 3, slow metabolism 2
a: Scrying, Transfer Knowledge, Renounce Religion


You were on level 2 of the Elven Halls.
You worshipped Ashenzari.
Ashenzari was exalted by your worship.
You were not hungry.

You visited 7 branches of the dungeon, and saw 31 of its levels.
You also visited: Ossuary.

You collected 3327 gold pieces.
You spent 2024 gold pieces at shops.

Inventory:

Hand weapons
 T - a +2 dagger of distortion
 Z - a cursed +9 quick blade of flaming (weapon)
Armour
 b - a cursed +1 robe (worn)
 j - a cursed +2 cloak of magic resistance (worn)
 m - the +0 cloak "Zetulle" {Dex+3}
   (You acquired it on level 11 of the Dungeon)

   It affects your dexterity (+3).
 I - a cursed +1 hat of see invisible (worn)
 Q - the cursed +2 buckler of Resilience (worn) {rCorr}
   (You found it on level 11 of the Dungeon)

   It protects you from acid and corrosion.
   It has a curse placed upon it.
Jewellery
 a - an uncursed ring of sustain attributes
 r - an amulet of warding (around neck)
 t - an uncursed ring of protection from cold
 w - an uncursed amulet of resist mutation
 z - an uncursed ring of flight
 H - an uncursed ring of wizardry
 J - an uncursed amulet of resist corrosion
 L - an uncursed ring of protection from magic
 N - a ring of magical power (right hand)
 S - a ring of poison resistance (left hand)
Magical devices
 c - a wand of disintegration (9)
 g - a wand of frost (23)
 D - a wand of teleportation (5)
Scrolls
 e - 18 scrolls of identify
 h - 2 scrolls of blinking
 i - 11 scrolls of remove curse
 k - 5 scrolls of magic mapping
 n - 5 scrolls of teleportation
 p - 2 scrolls of fear
 q - 9 scrolls of enchant armour
 s - a scroll of curse armour
 u - 11 scrolls of recharging
 v - 2 scrolls of curse weapon
 y - 5 scrolls of amnesia
 B - a scroll of summoning
 F - 5 scrolls of fog
Potions
 f - 3 potions of curing
 l - 3 potions of haste
 o - a potion of resistance
 x - a potion of flight
 A - 2 potions of berserk rage
 C - 3 potions of magic
 K - 5 potions of brilliance
 W - a potion of might
 X - 3 potions of agility
Books
 M - the Handbook of Conjuration
   (You found it on level 1 of the Elven Halls)

   Spells                             Type                      Level
   a - Sting                          Conjuration/Poison           1
   b - Magic Dart                     Conjuration                  1
   c - Shock                          Conjuration/Air              1
   d - Throw Frost                    Conjuration/Ice              2
   e - Throw Flame                    Conjuration/Fire             2
   f - Conjure Flame                  Conjuration/Fire             3
   g - Freezing Cloud                 Conjuration/Ice/Air          6
Comestibles
 d - 15 bread rations
 E - 2 fruits
 G - a slice of pizza
 O - a royal jelly


   Skills:
 + Level 10.6 Fighting
 + Level 13.8(17.9) Short Blades
 - Level 3.0(6.8) Dodging
 * Level 20.1(23.6) Stealth
 + Level 15.0 Spellcasting
 - Level 12.9 Hexes
 - Level 3.0 Summonings
 - Level 3.0 Translocations


You had 34 spell levels left.
You knew the following spells:

 Your Spells              Type           Power        Failure   Level  Hunger
b - Ensorcelled Hibernat  Hex/Ice        #####.       1%          2    None
c - Confuse               Hex            ######..     1%          3    None
d - Tukima's Dance        Hex            ######..     1%          3    None
e - Apportation           Tloc           ####......   1%          1    None
f - Summon Small Mammal   Summ           ####         1%          1    None


Dungeon Overview and Level Annotations

Branches:
Dungeon (15/15)            Temple (1/1) D:4            Lair (7/8) D:8
  Swamp (1/4) Lair:4       Spider (0/4) Lair:6          Orc (4/4) D:9
    Elf (2/3) Orc:4        Vaults (0/5) D:13         Depths (1/5) D:15
  Slime: Lair:6-8

Altars:
Ashenzari
Cheibriados
Dithmenos
Elyvilon
Fedhas
Gozag
Nemelex Xobeh
Okawaru
Qazlal
Ru
Sif Muna
Vehumet
Xom
Zin
The Shining One
Beogh

Shops:
D:5 (   D:7 [   D:12 ?[%   Orc:1 }   Orc:2 ?   Orc:4 (}%?

Portals:
Hell: Depths:1

Annotations:
D:9 exclusion: upstairs
D:11 Erica
Lair:2 Sonja
Elf:1 exclusion: Roxanne, Roxanne


Innate Abilities, Weirdness & Mutations

You are tiny and cannot use many weapons and most armour.
You have supernaturally acute eyesight.
You are a herbivore.
You cover ground extremely quickly.
You need consume almost no food.


Message History

Unknown command.
Unknown command.
Unknown command.
Unknown command.
Unknown command.
Unknown command.
Unknown command.
Unknown command.
Unknown command.
Unknown command.
Unknown command.
Unknown command.
Unknown command.
Unknown command.
Unknown command.
Unknown command.
You miss the deep elf fighter.
Unknown command.
Okay, then.
Are you sure you want to abandon this character and quit the game? (Confirm with "yes".)

####### ##.....##
##.......##
##.....)...## #########
#..........)# #.......#
#<....(...<.# #...!...#
#....^..[...####.).....#
)...........'..'@...ee*#
#...........####)e.eee?#
##.........## #....ee.#
##).).>..## #.......#
##.....#+** #####+###
###'### * * #.# **∆* ***
#+# ** * * ,* { ,, ** ,
*


You could see a deep elf knight, a deep elf summoner, a deep elf conjurer, 3
deep elf fighters and 2 deep elf magi.

Vanquished Creatures
  Rupert (Lair:6)
  Gastronok (Lair:1)
  The ghost of Uberwunderbarhen the Grappler, a powerful TrMo of Cheibriados (Lair:5)
  2 deep elf annihilators (Elf:1)
  The ghost of Uberwunderbarhen the Grappler, a powerful TrMo (D:11)
  Josephine (D:15)
  6 hydras
  3 centaur warriors
  A tengu warrior (D:14)
  2 ogre magi (Orc:4)
  The ghost of Bane the Basher, an experienced MiBe of Trog (D:8)
  Nergalle (Lair:2)
  4 deep elf knights (Elf:1)
  A skeletal warrior (D:15)
  An unseen horror (D:12)
  6 deep elf summoners
  A phantasmal warrior (D:15)
  5 hill giants
  A necromancer (D:15)
  An oklob plant (Orc:1)
  An orc knight (D:15)
  A shadow dragon zombie (D:15)
  A wolf spider zombie (D:14)
  5 deep elf conjurers (Elf:1)
  A manticore (D:11)
  9 ugly things
  A hornet (shapeshifter) (D:15)
  6 cyclopes
  An iron dragon skeleton (D:15)
  Maurice (Orc:1)
  8 elephants
  A black mamba (Lair:6)
  A gargoyle (D:12)
  7 spiny frogs
  A torpor snail (Lair:7)
  6 fire drakes
  2 kobold demonologists
  A tengu conjurer (D:14)
  2 yaktaur zombies (D:15)
  A freezing wraith (D:14)
  An efreet (D:15)
  9 komodo dragons
  A deep elf priest (Elf:2)
  6 trolls
  2 polar bears (Lair:7)
  7 two-headed ogres
  A queen bee (shapeshifter) (D:13)
  12 slime creatures
  A troll (shapeshifter) (D:13)
  25 blink frogs
  2 wyverns
  35 yaks
  A centaur simulacrum (D:10)
  A water elemental (D:12)
  14 deep elf magi
  Eustachio (D:6)
  3 basilisks
  A hog (shapeshifter) (D:13)
  5 vampire mosquitoes (D:14)
  13 wolves
  3 wraiths (D:15)
  7 deep elf fighters
  2 hungry ghosts
  3 wargs
  9 hippogriffs
  2 soldier ants (D:13)
  11 orc warriors
  10 porcupines
  17 spiders
  A hornet simulacrum (D:15)
  8 ice beasts
  4 sky beasts
  A black bear (D:8)
  4 phantoms
  2 wasps
  7 water moccasins
  11 ogres
  A necrophage (D:14)
  6 centaurs
  4 crocodiles
  A big kobold (D:8)
  21 giant frogs
  An elf zombie (Ossuary)
  6 scorpions
  A water moccasin skeleton (D:7)
  8 killer bees
  An electric eel (D:10)
  3 hounds
  4 wights (D:12)
  6 crimson imps
  8 centaur zombies
  3 wyvern simulacra
  5 centaur skeletons
  A human zombie (Ossuary)
  16 orc priests
  3 giant frog skeletons
  3 giant frog zombies
  2 jellies
  12 worker ants
  11 iguanas
  18 orc wizards
  A killer bee zombie (D:9)
  10 sheep
  A big kobold zombie (Ossuary)
  3 hound zombies (Ossuary)
  4 gnolls
  3 mummies (Ossuary)
  18 adders
  25 river rats
  4 shadow imps
  2 white imps (D:10)
  An ooze (D:2)
  2 adder skeletons
  4 adder zombies
  3 worms
  9 giant geckos
  112 orcs
  2 ball pythons
  10 bats
  A bat skeleton (D:4)
  3 giant cockroaches
  13 goblins
  21 hobgoblins
  14 jackals
  4 quokkas
  A goblin zombie (Ossuary)
  3 hobgoblin zombies (Ossuary)
  4 jackal zombies (Ossuary)
  14 kobolds
  2 kobold zombies (Ossuary)
  An orc zombie (Ossuary)
  A quokka skeleton (D:8)
  7 quokka zombies
  14 rats
  5 rat zombies
  A butterfly (Lair:1)
809 creatures vanquished.

Vanquished Creatures (collateral kills)
  An ettin (Orc:3)
  2 ogre magi (Orc:4)
  A deep elf knight (Elf:1)
  A skeletal warrior (D:15)
  2 hill giants
  Pikel (D:4)
  3 orc knights
  A deep elf conjurer (Elf:1)
  An orc sorcerer (Orc:1)
  A centaur skeleton (D:15)
  13 two-headed ogres
  A deep elf mage (Elf:1)
  3 deep elf fighters
  A human (D:7)
  A warg (Orc:4)
  21 orc warriors
  21 ogres
  3 big kobolds
  A wight (D:12)
  5 orc wizards
  5 orc priests
  2 sheep (D:7)
  A killer bee simulacrum (D:10)
  2 gnolls (Orc:2)
  An ufetubus (D:10)
  32 orcs
  2 kobolds (D:12)
129 creatures vanquished.

Vanquished Creatures (others)
  8 dancing weapons
  An adder (D:4)
  16 fungi
25 creatures vanquished.

Grand Total: 963 creatures vanquished

Notes
Turn   | Place    | Note
--------------------------------------------------------------
     0 | D:1      | Misa the Spriggan Enchanter began the quest for the Orb.
     0 | D:1      | Reached XP level 1. HP: 9/9 MP: 5/5
   163 | D:1      | Reached XP level 2. HP: 7/13 MP: 6/6
  1031 | D:2      | Reached skill level 5 in Stealth
  1031 | D:2      | Reached XP level 3. HP: 14/16 MP: 5/8
  1080 | D:2      | Found a stormy altar of Qazlal.
  1086 | D:2      | Learned a level 3 spell: Confuse
  1089 | D:2      | Learned a level 2 spell: Ensorcelled Hibernation
  1283 | D:2      | Reached XP level 4. HP: 19/21 MP: 10/10
  1912 | D:3      | Noticed a giant frog
  1914 | D:3      | Killed a giant frog
  1914 | D:3      | Reached skill level 6 in Stealth
  1914 | D:3      | Reached XP level 5. HP: 24/24 MP: 12/12
  2003 | D:3      | Reached skill level 5 in Hexes
  2143 | D:3      | Reached XP level 6. HP: 8/28 MP: 1/13
  2553 | D:3      | Learned a level 3 spell: Tukima's Dance
  3062 | D:4      | Reached skill level 5 in Spellcasting
  3067 | D:4      | Found an opulent altar of Gozag.
  3131 | D:4      | Found a radiant altar of Vehumet.
  3241 | D:4      | Noticed Pikel
  3259 | D:4      | Killed Pikel
  3259 | D:4      | Reached skill level 1 in Fighting
  3259 | D:4      | Reached skill level 7 in Stealth
  3259 | D:4      | Reached XP level 7. HP: 20/33 MP: 6/16
  3421 | D:4      | Found a staircase to the Ecumenical Temple.
  3433 | Temple   | Entered the Ecumenical Temple
  3441 | Temple   | Became a worshipper of Ashenzari the Shackled
  3574 | D:4      | Found a shadowy altar of Dithmenos.
  3643 | D:5      | Entered Level 5 of the Dungeon
  3656 | D:5      | Reached skill level 8 in Stealth
  3695 | D:5      | Found Jeligoiq's Antique Weapon Shoppe.
  3715 | D:5      | Reached XP level 8. HP: 35/39 MP: 3/18
  3841 | D:5      | Learned a level 1 spell: Apportation
  4408 | D:6      | Found a sacrificial altar of Ru.
  4565 | D:6      | Learned a level 1 spell: Summon Small Mammal
  4609 | D:6      | Reached skill level 5 in Short Blades
  4795 | D:6      | Noticed Eustachio
  4802 | D:6      | Killed Eustachio
  4802 | D:6      | Reached skill level 9 in Stealth
  5211 | D:7      | Found a sand-covered staircase.
  5226 | Ossuary  | Entered an ossuary
  5394 | Ossuary  | Reached XP level 9. HP: 16/44 MP: 20/20
  6078 | D:7      | Found Uzoree's Antique Armour Shoppe.
  6191 | D:7      | Found a sparkling altar of Nemelex Xobeh.
  6499 | D:7      | Reached skill level 10 in Stealth
  6602 | D:8      | Noticed Bane's ghost (experienced MiBe)
  6626 | D:8      | Killed Bane's ghost
  7072 | D:8      | Found a staircase to the Lair.
  7179 | D:9      | Acquired Ashenzari's first power
  7388 | D:9      | Found a glowing golden altar of the Shining One.
  7388 | D:9      | Found a shimmering altar of Xom.
  7472 | D:9      | Reached skill level 11 in Stealth
  7482 | D:9      | Reached XP level 10. HP: 49/51 MP: 23/23
  7513 | D:9      | Found a staircase to the Orcish Mines.
  7986 | D:9      | Reached skill level 5 in Fighting
  8322 | D:10     | Entered Level 10 of the Dungeon
  8916 | D:10     | Reached skill level 12 in Stealth
  9541 | D:11     | Noticed a hill giant
  9544 | D:11     | Killed a hill giant
  9544 | D:11     | Reached skill level 10 in Hexes
  9544 | D:11     | Reached XP level 11. HP: 56/56 MP: 25/25
  9876 | D:11     | Reached skill level 10 in Spellcasting
  9888 | D:11     | Noticed Erica
  9941 | D:11     | Noticed a white ugly thing
  9946 | D:11     | Killed a white ugly thing
 10102 | D:11     | Noticed Uberwunderbarhen's ghost (powerful TrMo)
 10110 | D:11     | Killed Uberwunderbarhen's ghost
 10110 | D:11     | Reached skill level 13 in Stealth
 10121 | D:11     | Found an iron altar of Okawaru.
 10121 | D:11     | Noticed an orc knight
 10121 | D:11     | Noticed a centaur warrior
 10124 | D:11     | Noticed a centaur warrior
 10143 | D:11     | Noticed a white ugly thing
 10149 | D:11     | Noticed a cyan ugly thing
 10152 | D:11     | Noticed a cyan ugly thing
 10231 | D:11     | Killed a white ugly thing
 10238 | D:11     | Killed a cyan ugly thing
 10252 | D:11     | Killed a cyan ugly thing
 10373 | D:11     | Noticed a hill giant
 10423 | D:11     | Killed a hill giant
 10628 | D:11     | Noticed a cyclops
 10946 | D:11     | Killed a cyclops
 11067 | D:11     | Noticed a centaur warrior
 11681 | D:11     | Reached XP level 12. HP: 63/63 MP: 27/27
 11717 | D:11     | Killed a centaur warrior
 11717 | D:11     | Reached skill level 10 in Short Blades
 11747 | D:11     | Got the cursed buckler of Resilience {rCorr}
 11753 | D:11     | Identified the cursed +2 buckler of Resilience {rCorr} (You found it on level 11 of the Dungeon)
 11857 | D:11     | Killed an orc knight
 11857 | D:11     | Reached skill level 14 in Stealth
 11991 | D:11     | Killed a centaur warrior
 12128 | D:11     | Identified a scroll of acquirement
 12129 | D:11     | Got the cursed cloak "Zetulle" {Dex+3}
 12140 | D:11     | Identified the cursed +0 cloak "Zetulle" {Dex+3} (You acquired it on level 11 of the Dungeon)
 12214 | D:12     | Found Zemabel's Magic Scroll Boutique.
 12253 | D:12     | Bought a scroll of teleportation for 51 gold pieces
 12253 | D:12     | Bought a scroll of summoning for 161 gold pieces
 12253 | D:12     | Bought a scroll of enchant armour for 127 gold pieces
 12253 | D:12     | Bought a scroll of enchant weapon for 127 gold pieces
 12253 | D:12     | Bought a scroll of remove curse for 51 gold pieces
 12253 | D:12     | Bought a scroll of identify for 34 gold pieces
 12301 | D:12     | Found Tyraisy's Food Emporium.
 12925 | D:12     | Found Qeps's Food Shoppe.
 12933 | D:12     | Bought 4 fruits for 78 gold pieces
 12933 | D:12     | Bought a bread ration for 65 gold pieces
 12933 | D:12     | Bought a bread ration for 65 gold pieces
 12933 | D:12     | Bought 2 fruits for 39 gold pieces
 13056 | D:12     | Found Buiruon's Antique Armour Boutique.
 13061 | D:12     | Bought a runed robe for 22 gold pieces
 13416 | D:10     | Noticed a hill giant
 13433 | D:10     | Killed a hill giant
 14138 | Lair:1   | Entered Level 1 of the Lair of Beasts
 14313 | Lair:1   | Reached skill level 15 in Stealth
 14352 | Lair:1   | Acquired Ashenzari's second power
 14387 | Lair:1   | Noticed Gastronok
 14394 | Lair:1   | Killed Gastronok
 14665 | Lair:1   | Found a deep blue altar of Sif Muna.
 14957 | Lair:2   | Noticed Nergalle
 15030 | Lair:2   | Killed Nergalle
 15171 | Lair:2   | Reached XP level 13. HP: 56/68 MP: 30/30
 15551 | Lair:2   | Noticed Sonja
 15698 | Lair:2   | Acquired Ashenzari's third power
 16483 | Lair:3   | Reached skill level 16 in Stealth
 17029 | Lair:4   | Found a staircase to the Swamp.
 17088 | Lair:4   | Found a hole to the Spider Nest.
 17132 | Swamp:1  | Entered Level 1 of the Swamp
 18257 | Lair:5   | Noticed Uberwunderbarhen's ghost (powerful TrMo)
 18296 | Lair:5   | Killed Uberwunderbarhen's ghost
 18767 | Lair:5   | Acquired Ashenzari's fourth power
 19879 | Lair:6   | Noticed Rupert
 19895 | Lair:6   | Killed Rupert
 19895 | Lair:6   | Reached skill level 17 in Stealth
 19895 | Lair:6   | Reached XP level 14. HP: 75/75 MP: 32/32
 20021 | Lair:6   | Found a hole to the Spider Nest.
 21793 | Lair:6   | Upgraded the game from 0.17-a0-1430-g49fde19 to 0.17-a0-1435-geafbe2f
 22254 | Orc:1    | Entered Level 1 of the Orcish Mines
 22256 | Orc:1    | Noticed Maurice
 22264 | Orc:1    | Killed Maurice
 22437 | Orc:1    | Found Topnug's Gadget Boutique.
 22525 | Orc:2    | Found Xusith's Magic Scroll Emporium.
 22642 | Orc:4    | Entered Level 4 of the Orcish Mines
 23842 | Orc:3    | Reached skill level 1 in Translocations
 23910 | Orc:2    | Bought a scroll of enchant armour for 97 gold pieces
 23910 | Orc:2    | Bought 3 scrolls of identify for 78 gold pieces
 23910 | Orc:2    | Bought a scroll of identify for 26 gold pieces
 23910 | Orc:2    | Bought 2 scrolls of enchant armour for 195 gold pieces
 23910 | Orc:2    | Bought a scroll of torment for 97 gold pieces
 23910 | Orc:2    | Bought a scroll of teleportation for 39 gold pieces
 24153 | Orc:4    | Identified the +1 chain mail of Jusoje Tetu {rElec Str+8 Int-4} (You found it on level 9 of the Dungeon)
 24153 | Orc:4    | Identified the +1 scale mail of Panentheism {rF+ rCorr Int-2 Stlth+} (You found it on level 5 of the Lair of Beasts)
 24153 | Orc:4    | Identified the +8 scale mail "Zoaloal" {Int+3}
 24361 | Orc:4    | Found a staircase to the Elven Halls.
 25101 | Orc:4    | Reached skill level 18 in Stealth
 25118 | Orc:4    | Reached skill level 1 in Summonings
 25134 | Orc:4    | Reached skill level 10 in Fighting
 25324 | Orc:4    | Found Dasaq's Food Emporium.
 25325 | Orc:4    | Found Dikareps's Magic Scroll Shop.
 25330 | Orc:4    | Found Bicsagumu's Antique Weapon Boutique.
 25330 | Orc:4    | Found Odepho Moca's Gadget Emporium.
 25367 | Orc:4    | Bought a scroll of brand weapon for 300 gold pieces
 25372 | Orc:4    | Bought a scroll of teleportation for 45 gold pieces
 25372 | Orc:4    | Bought a scroll of identify for 30 gold pieces
 25373 | Orc:4    | Bought a wand of teleportation (5) for 297 gold pieces
 25916 | D:13     | Found a gate to the Vaults.
 26432 | D:13     | Found a frozen archway.
 27000 | D:14     | Reached XP level 15. HP: 80/80 MP: 34/34
 27023 | D:14     | Found a roughly hewn altar of Beogh.
 27456 | D:14     | Reached skill level 19 in Stealth
 27596 | D:15     | Entered Level 15 of the Dungeon
 27602 | D:15     | Noticed Josephine
 27609 | D:15     | Killed Josephine
 27752 | D:15     | Found a staircase to the Depths.
 28130 | D:15     | Identified the +6 hand crossbow of Hell's Wrath {elec, Str+2}
 28719 | Depths:1 | Entered Level 1 of the Depths
 28719 | Depths:1 | Found a gateway to Hell.
 28967 | Elf:1    | Entered Level 1 of the Elven Halls
 29012 | Elf:1    | Noticed Roxanne
 29179 | Elf:1    | Identified the Handbook of Conjuration
 29844 | Elf:1    | Upgraded the game from 0.17-a0-1435-geafbe2f to 0.17-a0-1447-g3d113ad
 30207 | Elf:2    | Reached skill level 20 in Stealth
 30498 | Elf:2    | Reached skill level 15 in Spellcasting
 30504 | Elf:2    | Quit the game

Vault maps used:
D:1:      dpeg_arrival_short_road
D:2:      nicolae_overflow_crystal_walls, first_bread, nicolae_underground_beach
D:3:      gup_sewer_entry_pipe, grunt_ministairs_4
D:4:      vehumet_crystals, nicolae_gozag_seed_capital, grunt_dithmenos_shadows,
          minmay_temple_entry_trees, uniq_pikel
D:5:      serial_shops, nicolae_shop_overgrown_old_shop, kennysheep_small_circle
D:6:      nicolae_ru_sacrificial_ziggurat, uniq_eustachio
D:7:      nemelex_xobeh_ov_fountains_minmay, serial_shops, kennysheep_mini,
          enter_ossuary_4, grunt_livestock
D:8:      lair_0_dummy
D:9:      gammafunk_temple_overflow_pools, david_orc_1_choice
D:10:     serial_ice, serial_ice_i, serial_ice_h, serial_ice_f, serial_ice_a,
          serial_ice_e
D:11:     evilmike_iron_armoury, uniq_erica
D:12:     serial_shops, shop, nicolae_shop_statue_plus, nicolae_shop_trees,
          nicolae_shop_stone
D:13:     david_vaults_2, portal_ice_cave_entry_pillars_02,
          kennysheep_generic_room_3
D:14:     serial_park_tiny_1, david_defended_altar_orc
D:15:     gammafunk_depths_entry_grave, minmay_misc_feat_tower, uniq_josephine
Temple:   circular_temple_12
Lair:1:   basic_altar, lemuel_fruit_fields, uniq_gastronok
Lair:2:   uniq_nergalle, uniq_sonja
Lair:4:   swamp_mist, spider_nest_entry_a
Lair:5:   minmay_lair_drake_nest, lemuel_fruit_fields, serial_bayou_shore_a
Lair:6:   nicolae_spider_entry_tight_spaces, uniq_rupert
Lair:7:   serial_bayou_shore_b, infiniplex_staircase_pool_2
Swamp:1:  hangedman_swamp_lotus
Orc:1:    serial_shops, shop, mines3_lemuel, uniq_maurice
Orc:2:    serial_shops, shop_fountains
Orc:3:    nicolae_orc_pool_cavern
Orc:4:    st_orc_ogre_mass
Elf:1:    special_room, minmay_elf_annihilation, st_stairs_1, uniq_roxanne
Elf:2:    serial_shops, shop
Depths:1: minmay_misc_feat_iff, rand_demon_pan_entry_9, abyss_entry, hell_entry,
          serial_bayou_pond_e, kennysheep_small_square, uniq_saint_roka
Ossuary:  minmay_ossuary_two_tombs

Action                   |  1- 3 |  4- 6 |  7- 9 | 10-12 | 13-15 || total
-------------------------+-------+-------+-------+-------+-------++-------
Melee: Dagger            |   133 |   138 |   302 |   370 |       ||   943
       Short sword       |       |       |   130 |       |       ||   130
       Quick blade       |       |       |       |   178 |  1257 ||  1435
 Cast: Corona            |     2 |       |       |       |       ||     2
       Ensorcelled Hiber |       |    12 |    21 |    60 |    78 ||   171
       Confuse           |       |     7 |    37 |    83 |   150 ||   277
       Tukima's Dance    |       |     3 |     5 |    44 |   110 ||   162
       Summon Small Mamm |       |       |     1 |     3 |     1 ||     5
Invok: Scrying           |       |       |       |     2 |     1 ||     3
  Use: Potion            |     2 |       |     1 |     1 |     8 ||    12
       Scroll            |       |       |       |    23 |    15 ||    38
 Stab: Sleeping          |     6 |    26 |    69 |    90 |   138 ||   329
       Invisible         |     1 |       |       |       |       ||     1
       Confused          |       |     4 |    31 |    65 |    93 ||   193
       Distracted        |       |     1 |       |     3 |    14 ||    18
       Fleeing           |       |       |       |       |     1 ||     1
  Eat: Pizza             |       |     1 |     2 |     3 |     5 ||    11
       Bread ration      |       |       |     1 |       |       ||     1
       Fruit             |       |       |       |       |    10 ||    10
